cohdb
Replays
Latest Replays
All Replays
Popular Replays
Top Player Replays
Match Explorer
How It Works
Community
CoH3 Stats
Reddit
Sign in to upload your games and track your stats! →
Sign in with Steam
Match 39743822
Unlisted
Match 39743822
Overview
Messages
Build Orders
End
Construct Section Command Post
Infantry Section
Selects Air and Sea Battlegroup
Vickers Machine Gun Team
Infantry Section
Construct Platoon Command Post
Humber Armored Car
Humber Armored Car
Selects Commando Section Paradrop
Selects Commando Support Section Paradrop
Commando Section Paradrop
Selects Supply Surplus
Selects UNKNOWN (223837)
Construct Company Command Post
Construct Resource Cache
Unlock M3 Grant Medium Tanks
Construct Resource Cache
Construct Resource Cache
M3 Grant Medium Tank
Commando Section Paradrop
M3 Grant Medium Tank
Construct Field Infirmary
M3 Grant Medium Tank
M3 Grant Medium Tank
Selects Naval Bombardment
Armored Vehicle Training
Naval Bombardment
Selects Anti-tank Rocket Loiter
Commando Section Paradrop
Construct Resource Cache
M3 Grant Medium Tank
Anti-tank Rocket Loiter
Anti-tank Rocket Loiter
M3 Grant Medium Tank
M3 Grant Medium Tank
Anti-tank Rocket Loiter
M3 Grant Medium Tank
M3 Grant Medium Tank
a.pelagos
Tomaj
FlyingBrit
The Walking Brain
Thrusher
DaRtH VaDeRX2020
MADE.IN.IRAQ
DeluxeX
0
0
Comments
sign in to comment!
No comments posted yet!